 Dungeon Crawl Stone Soup version 0.14.2 (webtiles) character file.

424 Amnesiac the Charlatan (level 6, -2/30 HPs)
             Began as a Spriggan Artificer on Feb 4, 2018.
             Slain by a goblin
             ... wielding a +0,+0 club
              (4 damage)
             ... on Level 4 of the Dungeon.
             The game lasted 00:08:01 (4446 turns).

Amnesiac the Charlatan (Spriggan Artificer)         Turns: 4446, Time: 00:08:01

HP  -2/30        AC  2     Str  7      XL: 6   Next: 13%
MP  27/27        EV 21     Int 13      God:
Gold 126         SH 15     Dex 19      Spells:  0 memorised,  5 levels left

rFire  . . .     SeeInvis +     a - +1,+4 whip
rCold  . . .     Clarity  .     e - +0 robe
rNeg   . . .     Conserve .     k - +2 buckler
rPois  .         rCorr    .     (helmet restricted)
rElec  .         rRot     .     (no cloak)
SustAb . .       Spirit   .     (gloves unavailable)
rMut   .         Warding  .     (boots unavailable)
Saprov . . .     Stasis   .     (no amulet)
MR     +....                    (no ring)
                                r - ring of magical power

@: very quick, somewhat resistant to hostile enchantments, fairly stealthy
A: unfitting armour, see invisible, herbivore 3, speed 3, slow metabolism 2
a: no special abilities


You were on level 4 of the Dungeon.
You were full.

You visited 1 branch of the dungeon, and saw 4 of its levels.

You collected 126 gold pieces.

Inventory:

Hand weapons
 a - a +1,+4 whip (weapon)
 b - a +0 blowgun
Missiles
 j - 18 darts of dispersal (quivered)
 l - 43 poisoned needles
 u - 14 darts
 v - 2 stones
Armour
 e - a +0 robe (worn)
 k - a +2 buckler (worn)
Magical devices
 c - a wand of enslavement (13)
 d - a wand of random effects (10)
 f - a wand of flame (11)
Comestibles
 E - a pear
Scrolls
 g - a scroll of enchant weapon II {!r, unknown}
 i - 3 scrolls of remove curse {!r, unknown}
 m - 2 scrolls of enchant armour {!r, unknown}
 n - a scroll of magic mapping {!r, unknown}
 p - a scroll of immolation {!r, unknown}
 q - 6 scrolls of teleportation {!r, unknown}
 w - a scroll of fear {!r, unknown}
 y - a scroll of blinking {!r, unknown}
 C - a scroll of fog {!r, unknown}
 D - a scroll of identify {!r, unknown}
Jewellery
 r - a ring of magical power (left hand)
Potions
 h - 2 potions of curing {!q}
 o - 3 potions of restore abilities {!q, unknown}
 s - a potion of might {!q, unknown}
 t - 3 potions of heal wounds {!q, unknown}
 x - a potion of resistance {!q, unknown}
 z - a potion of cure mutation {!q, unknown}
 A - a potion of mutation {!q, unknown}
 B - a potion of haste {!q, unknown}


   Skills:
 - Level 1.0 Fighting
   Level 1.1 Short Blades
 - Level 6.0 Dodging
 - Level 1.5 Stealth
 - Level 2.0 Shields
 + Level 6.9 Evocations


You had 5 spell levels left.
You didn't know any spells.

Dungeon Overview and Level Annotations

Branches:
Dungeon (4/15)
 Temple: D:4-7

Altars:
Trog

Shops:
D:4 *


Innate Abilities, Weirdness & Mutations

You are tiny and cannot use many weapons and most armour.
You have supernaturally acute eyesight.
You are a herbivore.
You cover ground extremely quickly.
You need consume almost no food.


Message History

The goblin barely misses you.
You hit the goblin.
You kill the goblin!
The goblin unwields an uncursed club.
The goblin wields a sling.
The goblin shoots a stone.
The stone misses you.
You hit the ogre skeleton. The ogre skeleton hits you!
* * * LOW HITPOINT WARNING * * *
The goblin shoots a stone.
You block the stone.
You see here a stone.
The goblin shoots a stone.
The stone hits you!
* * * LOW HITPOINT WARNING * * *
You see here a stone.
The goblin shoots a stone.
The stone misses you.
You see here a stone.
The goblin shoots a stone.
The stone hits you!
* * * LOW HITPOINT WARNING * * *
You see here a stone.
Put on which piece of jewellery? (? for menu, Esc to quit)
Okay, then.
Evoke which item? (* to show all) (? for menu, Esc to quit)
Zapping:
c - a wand of enslavement (15)
Press: ? - help, Shift-Dir - straight line, f - ogre skeleton
Aim: an ogre skeleton The ogre skeleton struggles to resist.
This wand has 14 charges left.
What do you say? t - Shout!
Orders for allies: a - Attack new target. p - Attack previous target. r - Retreat! s - Stop attacking. w - Wait here. f - Follow me.
Anything else - Stay silent.
Okay, then.
Evoke which item? (* to show all) (? for menu, Esc to quit)
Zapping:
c - a wand of enslavement (14)
Press: ? - help, Shift-Dir - straight line, f/p - ogre skeleton
Aim: an ogre skeleton The ogre skeleton is charmed.
This wand has 13 charges left.
The goblin shoots a stone.
The stone hits your ogre skeleton. What do you say? t - Shout!
Orders for allies: a - Attack new target. p - Attack previous target. r - Retreat! s - Stop attacking. w - Wait here. f - Follow me.
Anything else - Stay silent.
Gang up on whom?
Press: ? - help, Dir - move target cursor, f - goblin, p - ogre skeleton
Aim: a goblin, wielding a sling Attack!
You hear a shout!
The goblin shoots a stone.
The stone hits your ogre skeleton.
The goblin shoots a stone.
The stone hits your ogre skeleton.
Your ogre skeleton is destroyed!
The goblin shoots a stone.
The stone hits you!
* * * LOW HITPOINT WARNING * * *
You start resting.
A goblin comes into view. It is wielding a club.
You barely miss the goblin. The goblin hits you but does no damage.
You closely miss the goblin.
The goblin shoots a stone.
The stone hits you!
* * * LOW HITPOINT WARNING * * *
You block the goblin's attack.
You hit the goblin but do no damage.
The goblin shoots a stone.
The stone hits you!
* * * LOW HITPOINT WARNING * * *
The goblin hits you with a club.
You die...

#.#....#.#......#
#.#....#.#...)..#
########.'....#.#......#
..(.(....#....#.###'####...
.....Z...######g............
..(...((.g(................
(.....##########...........
......# #..######### ...[..#
#@.# ......# #g.#
......##########..#
...................
####################


You could see 2 goblins.

Vanquished Creatures
  A phantom (D:4)
  Ijyb (D:4)
  An ogre skeleton (D:4)
  7 adders
  2 gnolls
  5 worms
  2 giant eyeballs (D:4)
  2 giant geckos
  4 orcs (D:3)
  3 giant cockroaches
  6 goblins
  9 hobgoblins
  2 jackals (D:3)
  7 kobolds
  3 quokkas
  2 ball pythons
  6 bats
  3 giant newts (D:3)
  16 rats
82 creatures vanquished.

Notes
Turn   | Place    | Note
--------------------------------------------------------------
     0 | D:1      | Amnesiac, the Spriggan Artificer, began the quest for the Orb.
     0 | D:1      | Reached XP level 1. HP: 9/9 MP: 2/2
    42 | D:1      | Reached skill level 1 in Fighting
   436 | D:1      | Reached XP level 2. HP: 8/14 MP: 5/5
  1102 | D:1      | Reached skill level 5 in Evocations
  1102 | D:1      | Reached XP level 3. HP: 16/18 MP: 8/8
  1906 | D:2      | Reached skill level 5 in Dodging
  2261 | D:2      | Reached XP level 4. HP: 22/22 MP: 11/11
  2573 | D:2      | Reached skill level 6 in Dodging
  2955 | D:3      | Reached skill level 1 in Shields
  3293 | D:3      | Reached XP level 5. HP: 21/25 MP: 14/14
  3311 | D:3      | Found a bloodstained altar of Trog.
  3754 | D:4      | Paralysed by a giant eyeball for 3 turns
  3760 | D:4      | Paralysed by a giant eyeball for 4 turns
  3771 | D:4      | Noticed a phantom
  3796 | D:4      | Paralysed by a giant eyeball for 3 turns
  3857 | D:4      | Killed a phantom
  4218 | D:4      | Found Pnal's General Store.
  4226 | D:4      | Reached XP level 6. HP: 28/30 MP: 18/18
  4253 | D:4      | Noticed Ijyb
  4289 | D:4      | Killed Ijyb
  4387 | D:4      | Noticed an ogre
  4446 | D:4      | Slain by a goblin

Action                   |  1- 3 |  4- 6 || total
-------------------------+-------+-------++-------
Melee: Short sword       |    24 |       ||    24
       Spear             |   147 |    45 ||   192
       Whip              |       |   127 ||   127
 Fire: Blowgun           |       |    18 ||    18
Evoke: Wand              |     4 |     7 ||    11
  Use: Potion            |     1 |     1 ||     2
 Stab: Sleeping          |     6 |     2 ||     8
       Distracted        |     1 |     1 ||     2
